 Dungeon Crawl Stone Soup version 0.25-a0-59-gf342c8b036 (webtiles) character file.

Game seed: 5830245277342818515, levelgen mode: deterministic

1216 MrRokkomies the Slicer (level 8, 0/44 HPs)
             Began as a Kobold Assassin on Oct 28, 2019.
             Killed by divine providence
             ... invoked by an orc priest
              (7 damage)
             ... on level 5 of the Dungeon.
             The game lasted 00:17:56 (5596 turns).

MrRokkomies the Slicer (Kobold Assassin)            Turns: 5596, Time: 00:17:56

Health: 0/44       AC:  8    Str:  9    XL:     8   Next: 75%
Magic:  8/8        EV: 13    Int: 13    God:
Gold:   247        SH:  0    Dex: 17    Spells: 7/7 levels left

rFire    . . .     SeeInvis .   a - +5 dagger (venom)
rCold    . . .     Gourm    .   (shield restricted)
rNeg     . . .     Faith    .   l - +0 leather armour
rPois    .         Spirit   .   i - +0 helmet
rElec    .         Reflect  .   c - +0 cloak
rCorr    .         Harm     .   n - +2 pair of gloves
MR       .....                  (no boots)
Stlth    ++++......             k - amulet of rage
HPRegen  0.14/turn              (no ring)
MPRegen  0.11/turn              (no ring)

@: no status effects
A: small, carnivore
a: Evoke Berserk Rage


You were on level 5 of the Dungeon.
You were hungry.

You visited 2 branches of the dungeon, and saw 6 of its levels.
You also visited: Sewer.

You collected 247 gold pieces.

Inventory:

Hand Weapons
 a - a +5 dagger of venom (weapon)
 b - a +1 long sword of electrocution
Missiles
 d - 7 poisoned darts
 e - 2 curare-tipped darts
 t - 6 boomerangs (quivered)
Armour
 c - a +0 cloak (worn)
 i - a +0 helmet (worn)
 l - a +0 leather armour (worn)
 n - a +2 pair of gloves (worn)
 x - the +7 chain mail "Fora" {rC++ rCorr Str-3}
   (You found it on level 4 of the Dungeon)

   It affects your strength (-3).
   It greatly protects you from cold.
   It provides partial protection from all sources of acid and corrosion.
 D - a +0 robe
Magical Staves
 y - an uncursed staff of power
Jewellery
 k - an amulet of rage (around neck)
 q - an uncursed amulet of magic regeneration {unknown}
Scrolls
 h - a scroll of magic mapping
 j - a scroll of blinking
 p - 2 scrolls of teleportation
 w - a scroll of remove curse
 A - a scroll of immolation
Potions
 g - a potion of might
 m - a potion of magic
 o - a potion of curing
 r - 3 potions of flight
 u - 2 potions of agility {unknown}
 v - 2 potions of lignification
 z - a potion of haste {unknown}
 B - a potion of resistance {unknown}
Comestibles
 f - 9 rations


   Skills:
 - Level 2.1 Fighting
 * Level 8.6 Short Blades
 * Level 7.1 Throwing
 - Level 1.2 Dodging
 + Level 8.3 Stealth


You had 7 spell levels left.
You didn't know any spells.
Your spell library was empty.

Dungeon Overview and Level Annotations

Branches:
Dungeon (5/15)             Temple (1/1) D:4           Sewer (visited)

Altars:
Ashenzari
Cheibriados
Dithmenos
Elyvilon
Gozag
Hepliaklqana
Makhleb
Nemelex Xobeh
Ru
Sif Muna
Trog
Uskayaw
Vehumet
Wu Jian
Xom
Yredelemnul
Zin
The Shining One


Innate Abilities, Weirdness & Mutations

You are small and have problems with some larger weapons.
You are carnivorous and can eat meat at any time.


Message History

The orc priest hits you with a +0 dagger.
* * * LOW HITPOINT WARNING * * *
You hit the orc priest but do no damage.
The orc priest looks as sick as possible!
The orc priest is lightly wounded.
Your surroundings suddenly seem different.
You feel a bit more experienced.
You feel a bit more experienced.
You start resting.
The centaur is too close now for your liking.
The centaur shouts!
You hear a shout!
The centaur wields a +0 shortbow.
The centaur shoots an arrow.
The arrow hits you!
* * * LOW HITPOINT WARNING * * *
The centaur shoots an arrow.
The arrow hits you.
* * * LOW HITPOINT WARNING * * *
You see here 2 arrows.
The orc priest invokes the aid of Beogh against you.
Beogh smites you!
You die...

#.....#.#.#....#......c....#.....
##.<##........##...........#.###.
######.#.#.......)....o......#..
#.......................#...
##.#.#.................###..
#.......................#...
##.#.#.##...#.##....###.##..
######...(...#.....#...##..
#........@........#...####
#...............###....###
#....................>..##
##........................
##....#..................
#......#..#...............
#......###.#...............
#.....## ###.............##
##....# ###..#.###..####


You could see an orc priest.

Vanquished Creatures
  Eustachio (D:4)
  2 ogres (D:4)
  A big kobold (Sewer)
  2 scorpions
  A water moccasin skeleton (D:3)
  A howler monkey (D:5)
  A crimson imp (D:5)
  3 orc priests
  3 hounds
  An orc wizard (D:3)
  Jessica (D:3)
  2 centaur skeletons
  A worker ant (D:5)
  A hound skeleton (D:4)
  Robin (D:2)
  4 gnolls (D:2)
  3 river rats (Sewer)
  6 adders
  2 oozes (D:2)
  2 worms (D:2)
  4 dart slugs
  6 leopard geckos
  27 orcs
  4 bats
  7 giant cockroaches
  17 goblins
  9 hobgoblins
  10 jackals
  8 kobolds
  3 quokkas
  2 ball pythons
  6 frilled lizards
  13 rats
155 creatures vanquished.

Notes
Turn   | Place    | Note
-------+----------+-------------------------------------------
     0 | D:1      | MrRokkomies the Kobold Assassin began the quest for the
                  | Orb.
     0 | D:1      | Reached XP level 1. HP: 12/12 MP: 1/1
   230 | D:1      | Reached XP level 2. HP: 17/17 MP: 2/2
   502 | D:1      | Reached XP level 3. HP: 21/21 MP: 3/3
   947 | D:2      | Noticed Robin
   992 | D:2      | Killed Robin
   992 | D:2      | Reached XP level 4. HP: 17/26 MP: 4/4
  1272 | D:2      | Found a faded altar of an unknown god.
  1613 | D:2      | Reached XP level 5. HP: 10/30 MP: 5/5
  2298 | D:3      | Reached skill level 5 in Short Blades
  2298 | D:3      | Reached XP level 6. HP: 30/35 MP: 6/6
  2319 | D:3      | Found a glowing drain.
  2329 | Sewer    | Entered a sewer
  2821 | Sewer    | Found a glowing silver altar of Zin.
  2896 | D:3      | Noticed Jessica
  2900 | D:3      | Killed Jessica
  3081 | D:3      | Reached skill level 5 in Throwing
  3283 | D:3      | Reached XP level 7. HP: 40/40 MP: 7/7
  4185 | D:4      | Got a translucent chain mail
  4202 | D:4      | Identified the +7 chain mail "Fora" {rC++ rCorr Str-3} (You
                  | found it on level 4 of the Dungeon)
  4614 | D:4      | Reached XP level 8. HP: 44/44 MP: 8/8
  4648 | D:4      | Found a staircase to the Ecumenical Temple.
  4747 | D:4      | Noticed Eustachio
  4749 | D:4      | Killed Eustachio
  5015 | D:5      | Entered Level 5 of the Dungeon
  5157 | Temple   | Entered the Ecumenical Temple
  5596 | D:5      | Killed from afar by an orc priest

Levels and vault maps discovered:
D:1:      psy_arrival_radial02, layout_basic
D:2:      layout_basic, chequers_ecumenical_altar_island, st_stairs_9,
          uniq_robin
D:3:      layout_loops_ring, cheibrodos_sewer_entry_drain, kennysheep_path_1,
          uniq_jessica
D:4:      layout_basic, minmay_temple_entry_from_below_a, first_ration,
          uniq_eustachio
D:5:      layout_cave_pools, st_stairs_13
Temple:   dpeg_five_rooms_temple

Skill      XL: |  1  2  3  4  5  6  7  8 |
---------------+-------------------------+-----
Short Blades   | 3 4 5 6 7 8 |  8.6
Throwing       | 3 4 5 6 7 |  7.1
Stealth        | 6 7 8 |  8.3
Fighting       | |  2.1
Dodging        | |  1.2

Action                   |  1- 3 |  4- 6 |  7- 9 || total
-------------------------+-------+-------+-------++-------
Melee: Dagger            |    86 |   208 |   192 ||   486
Throw: Dart              |     1 |    20 |     2 ||    23
       Boomerang         |       |       |     5 ||     5
  Use: Scroll            |     4 |     5 |     2 ||    11
       Potion            |       |     3 |     2 ||     5
 Stab: Sleeping          |     5 |    10 |     9 ||    24
       Distracted        |       |     1 |     1 ||     2
  Eat: Chunk             |       |    12 |     2 ||    14
Armor: Robe              |     1 |       |       ||     1
       Leather armour    |    21 |    52 |    44 ||   117
       Skin              |       |    14 |       ||    14
Dodge: Dodged            |    67 |   119 |    91 ||   277

Table legend:
 A = Non-vault XP
 B = Vault XP
 C = Vault XP percentage of total XP
 D = Non-vault monster count
 E = Vault monster count
 F = Vault count percentage of total count
                 A         B        C        D         E       F
            +---------+---------+-------+---------+---------+-------
      Total |    1279 |     459 |  26.4 |     124 |      31 |  20.0
            +---------+---------+-------+---------+---------+-------
        D:1 |      43 |       0 |   0.0 |      19 |       0 |   0.0
        D:2 |     133 |      35 |  20.8 |      30 |      13 |  30.2
        D:3 |     292 |      41 |  12.3 |      45 |       4 |   8.2
        D:4 |     426 |     196 |  31.5 |      17 |       1 |   5.6
        D:5 |     385 |      41 |   9.6 |      13 |       2 |  13.3
      Sewer |       0 |     146 | 100.0 |       0 |      11 | 100.0
            +---------+---------+-------+---------+---------+-------
